Match 42879423
Unlisted

Match 42879423
End
Royal Engineer Section
Selects Australian Defense Battlegroup
Selects Australian Light Infantry Section
Australian Light Infantry Section
Australian Light Infantry Section
Australian Light Infantry Section
Selects 2-pounder Anti-tank Gun Team
Construct Section Command Post
Construct Field Infirmary
Construct Platoon Command Post
Unlock Bishop Self-propelled Artillery
Selects Vehicle Over Repair
Bishop Self-propelled Artillery
6-pounder Anti-tank Gun Team
Light Vehicle Training
2-pounder Anti-tank Gun Team
Selects CMP 15cwt Supply Run
Team Weapon Training
Bishop Self-propelled Artillery
Selects Reinforced Resource Caches
qUiBbLe WiBbLe
Raxzero
honeydew
UH|ck
UH|XTC
iceman
0
0

Comments sign in to comment!

No comments posted yet!